 Dungeon Crawl Stone Soup version 0.24.0-29-g8ce449bc06 (webtiles) character file.

Game seed: 5092203282490884999, levelgen mode: deterministic

1655 FishyPogo the Firebug (level 9, -6/65 HPs)
             Began as a Gnoll Fire Elementalist on Nov 15, 2019.
             Was a Believer of Sif Muna.
             Engulfed by a cloud of flame (19 damage)
             ... on level 6 of the Dungeon.
             The game lasted 00:20:43 (5479 turns).

FishyPogo the Firebug (Gnoll Fire Elementalist)     Turns: 5479, Time: 00:20:44

Health: -6/65      AC:  4    Str: 10    XL:     9   Next: 0%
Magic:  14/18      EV: 16    Int: 20    God:    Sif Muna [**....]
Gold:   339        SH:  0    Dex: 17    Spells: 7/20 levels left

rFire    . . .     SeeInvis .   a - +3 short sword (elec)
rCold    . . .     Gourm    .   (no shield)
rNeg     . . .     Faith    .   d - +0 robe
rPois    .         Spirit   .   s - +1 helmet
rElec    .         Reflect  .   n - scarf {repulsion}
rCorr    .         Harm     .   (no gloves)
MR       .....                  (no boots)
Stlth    +++.......             (no amulet)
HPRegen  0.20/turn              (no ring)
MPRegen  0.16/turn              (no ring)

@: repel missiles
A: distributed training, fangs 1, strong nose
a: Channel Magic, Renounce Religion


You were on level 6 of the Dungeon.
You worshipped Sif Muna.
Sif Muna was pleased with you.
You were not hungry.

You visited 1 branch of the dungeon, and saw 6 of its levels.
You also visited: Sewer.

You collected 339 gold pieces.

Inventory:

Hand Weapons
 a - a +3 short sword of electrocution (weapon)
 b - a +1 rapier of venom
 v - a +2 whip of flaming
Missiles
 k - 7 javelins (quivered)
 m - 239 stones
 u - 3 throwing nets
Armour
 d - a +0 robe (worn)
 n - a scarf of repulsion (worn)
 o - a scarf of spirit shield
 s - a +1 helmet (worn)
Scrolls
 g - a scroll of noise
 j - 4 scrolls of remove curse
 t - 4 scrolls of identify
 y - a scroll of enchant weapon
Potions
 e - a potion of agility {unknown}
 f - 3 potions of flight {unknown}
 h - a potion of berserk rage {unknown}
 i - a potion of degeneration {unknown}
 p - a potion of haste {unknown}
 q - 5 potions of curing {unknown}
 r - 3 potions of might {unknown}
 w - a potion of ambrosia
 x - a potion of heal wounds {unknown}
Comestibles
 c - 14 rations
 l - 3 chunks of flesh


   Skills:
 + Level 3.7 Fighting
 + Level 3.7 Short Blades
 + Level 3.7 Long Blades
 + Level 3.7 Axes
 + Level 3.7 Maces & Flails
 + Level 3.7 Polearms
 + Level 3.7 Staves
 + Level 3.7 Slings
 + Level 3.7 Bows
 + Level 3.7 Crossbows
 + Level 3.7 Throwing
 + Level 3.7 Armour
 + Level 5.9 Dodging
 + Level 5.6 Stealth
 + Level 3.7 Shields
 + Level 3.7 Unarmed Combat
 + Level 6.3 Spellcasting
 + Level 3.7 Conjurations
 + Level 3.0 Hexes
 + Level 3.0 Charms
 + Level 3.0 Summonings
 + Level 3.0 Necromancy
 + Level 3.0 Translocations
 + Level 3.0 Transmutations
 + Level 6.3 Fire Magic
 + Level 3.0 Ice Magic
 + Level 3.0 Air Magic
 + Level 3.0 Earth Magic
 + Level 3.0 Poison Magic
 + Level 4.0 Invocations
 + Level 3.7 Evocations


You had 7 spell levels left.
You knew the following spells:

 Your Spells              Type           Power        Failure   Level  Hunger
a - Flame Tongue          Conj/Fire      ####.        1%          1    None
b - Throw Flame           Conj/Fire      ####..       1%          2    None
c - Inner Flame           Hex/Fire       ####....     4%          3    ##.....
j - Conjure Flame         Conj/Fire      ####....     3%          3    ##.....
p - Sticky Flame          Conj/Fire      ####....     13%         4    ####...

Your spell library contained the following spells:

 Spells                   Type           Power        Failure   Level  Hunger
 Fireball                 Conj/Fire      ####......   34%         5    #####..


Dungeon Overview and Level Annotations

Branches:
Dungeon (6/15)             Temple (0/1) D:5           Sewer (visited)

Altars:
Cheibriados
Fedhas
Gozag
Kikubaaqudgha
Ru
Sif Muna
Uskayaw
Wu Jian
The Shining One


Innate Abilities, Weirdness & Mutations

Your experience applies equally to all skills.
You have very sharp teeth.
Your uncanny sense of smell can sniff out nearby items.


Message History

Press: ? - help, Dir - move target cursor, f/p - gnoll
Aim: a gnoll, wielding a +0 whip (almost dead, inner flame)
Okay, then.
You barely miss the gnoll.
The gnoll is almost dead.
The gnoll barely misses you.
You puncture the gnoll!
The gnoll explodes!
The fiery explosion engulfs you!!!
Ouch! That really hurt!
* * * LOW HITPOINT WARNING * * *
The fiery explosion engulfs the gnoll!!!
You kill the gnoll!
Sif Muna accepts your kill. x2
You have reached level 9!
Your experience leads to an increase in your attributes!
Increase (S)trength, (I)ntelligence, or (D)exterity?
You feel clever.
You are engulfed in blazing flames.
You die...

..## ...## #######
##..### #.....#
####..## #.#.#.#
#.#..## #.._..#
#...#..######.#.#.#
#....##..##..#.....#
.....
###.%..###'##### #
..... #.%.....@.§..#
.# .....
##......§§§..# .###.
.....
#......§§§.####......
....#
#....%.....##.g......
#..........g..#.....o
##........##### .....
#........# ....
##.......# ...
##.....## ##


You could see a gnoll.

Vanquished Creatures
  Prince Ribbit (D:5)
  A sky beast (D:4)
  An ogre (D:5)
  A centaur (D:5)
  7 big kobolds (Sewer)
  A centaur zombie (D:5)
  5 orc wizards
  2 orc priests (D:5)
  An iguana (D:5)
  5 worker ants
  A hound skeleton (D:4)
  3 gnolls
  12 adders
  2 river rats (Sewer)
  An ooze (Sewer)
  10 worms
  3 dart slugs
  7 leopard geckos
  17 orcs
  8 giant cockroaches
  13 goblins
  9 hobgoblins
  2 quokkas
  A ball python (D:2)
  A ball python skeleton (D:5)
  10 bats
  9 frilled lizards
  12 kobolds
  11 rats
157 creatures vanquished.

Notes
Turn   | Place    | Note
-------+----------+-------------------------------------------
     0 | D:1      | FishyPogo the Gnoll Fire Elementalist began the quest for
                  | the Orb.
     0 | D:1      | Reached XP level 1. HP: 13/13 MP: 6/6
    27 | D:1      | Reached XP level 2. HP: 20/20 MP: 2/7
   347 | D:1      | Reached XP level 3. HP: 25/25 MP: 9/9
   388 | D:1      | Reached skill level 5 in Spellcasting
   438 | D:1      | Learned a level 2 spell: Throw Flame
   442 | D:1      | Learned a level 3 spell: Conjure Flame
   446 | D:1      | Learned a level 3 spell: Inner Flame
   894 | D:2      | Reached skill level 1 in Invocations
  1239 | D:2      | Reached skill level 1 in Fighting
  1239 | D:2      | Reached skill level 1 in Short Blades
  1239 | D:2      | Reached skill level 1 in Long Blades
  1239 | D:2      | Reached skill level 1 in Axes
  1239 | D:2      | Reached skill level 1 in Maces & Flails
  1239 | D:2      | Reached skill level 1 in Polearms
  1239 | D:2      | Reached skill level 1 in Staves
  1239 | D:2      | Reached skill level 1 in Slings
  1239 | D:2      | Reached skill level 1 in Bows
  1239 | D:2      | Reached skill level 1 in Crossbows
  1239 | D:2      | Reached skill level 1 in Throwing
  1239 | D:2      | Reached skill level 1 in Armour
  1239 | D:2      | Reached skill level 1 in Shields
  1239 | D:2      | Reached skill level 1 in Unarmed Combat
  1239 | D:2      | Reached skill level 1 in Evocations
  1312 | D:2      | Reached XP level 4. HP: 30/32 MP: 7/11
  1325 | D:2      | Learned a level 4 spell: Sticky Flame
  1691 | D:3      | Reached skill level 1 in Hexes
  1691 | D:3      | Reached skill level 1 in Charms
  1691 | D:3      | Reached skill level 1 in Summonings
  1691 | D:3      | Reached skill level 1 in Necromancy
  1691 | D:3      | Reached skill level 1 in Translocations
  1691 | D:3      | Reached skill level 1 in Transmutations
  1691 | D:3      | Reached skill level 1 in Ice Magic
  1691 | D:3      | Reached skill level 1 in Air Magic
  1691 | D:3      | Reached skill level 1 in Earth Magic
  1691 | D:3      | Reached skill level 1 in Poison Magic
  1953 | D:3      | Reached XP level 5. HP: 34/37 MP: 7/12
  2142 | D:3      | Found a shimmering blue altar of Sif Muna.
  2148 | D:3      | Became a worshipper of Sif Muna the Loreminder
  2336 | D:3      | Found a sacrificial altar of Ru.
  3070 | D:4      | Reached XP level 6. HP: 34/44 MP: 7/13
  3155 | D:4      | Reached * piety under Sif Muna
  3189 | D:4      | Noticed a sky beast
  3214 | D:4      | Killed a sky beast
  3214 | D:4      | Reached skill level 5 in Dodging
  3303 | D:4      | Found a glowing drain.
  3323 | Sewer    | Entered a sewer
  3353 | Sewer    | Reached XP level 7. HP: 48/50 MP: 13/15
  3667 | Sewer    | Reached skill level 5 in Stealth
  3741 | Sewer    | Reached ** piety under Sif Muna
  3938 | Sewer    | Reached XP level 8. HP: 53/57 MP: 13/16
  4257 | D:4      | Found an opulent altar of Gozag.
  4445 | D:5      | Entered Level 5 of the Dungeon
  4465 | D:5      | Found a blossoming altar of Fedhas.
  4475 | D:5      | Found a snail-covered altar of Cheibriados.
  4482 | D:5      | Found a snail-covered altar of Cheibriados.
  4489 | D:5      | Found a glowing golden altar of the Shining One.
  4616 | D:5      | Found an ancient bone altar of Kikubaaqudgha.
  5157 | D:5      | Found a hide-covered altar of Uskayaw.
  5166 | D:5      | Noticed Prince Ribbit
  5183 | D:5      | Killed Prince Ribbit
  5393 | D:5      | Found a staircase to the Ecumenical Temple.
  5461 | D:6      | Found an ornate altar of the Wu Jian Council.
  5479 | D:6      | Reached XP level 9. HP: 13/65 MP: 14/18
  5479 | D:6      | Engulfed by a cloud of flame

Levels and vault maps discovered:
D:1:      dpeg_arrival_simpleton_b, layout_loops_ring, nrook_loot_triangle
D:2:      layout_basic, st_stairs_9, wander_ebering_terrifying_dragon_lair
D:3:      layout_loops_cross, led_sif_pool, nicolae_ru_the_path_less_chosen
D:4:      layout_basic, grunt_gozag_breadcrumbs, gup_sewer_entry_pipe,
          grunt_ministairs_5
D:5:      layout_loops_ring, fedhas_altar_2, eat_drink_and_be_merry_uskayaw,
          grunt_temple_overflow_open, minmay_temple_entry_poolview,
          first_ration, basic_altar, uniq_prince_ribbit1
D:6:      layout_cave_pods, kennysheep_little_box

Skill      XL: |  1  2  3  4  5  6  7  8 |
---------------+-------------------------+-----
Conjurations   | 2 3 |  3.7
Spellcasting   | 5 6 |  6.3
Invocations    | 1 2 3 4 |  4.0
Fighting       | 1 2 3 |  3.7
Short Blades   | 1 2 3 |  3.7
Long Blades    | 1 2 3 |  3.7
Axes           | 1 2 3 |  3.7
Maces & Flails | 1 2 3 |  3.7
Polearms       | 1 2 3 |  3.7
Staves         | 1 2 3 |  3.7
Slings         | 1 2 3 |  3.7
Bows           | 1 2 3 |  3.7
Crossbows      | 1 2 3 |  3.7
Throwing       | 1 2 3 |  3.7
Armour         | 1 2 3 |  3.7
Shields        | 1 2 3 |  3.7
Unarmed Combat | 1 2 3 |  3.7
Evocations     | 1 2 3 |  3.7
Hexes          | 1 2 3 |  3.0
Charms         | 1 2 3 |  3.0
Summonings     | 1 2 3 |  3.0
Necromancy     | 1 2 3 |  3.0
Translocations | 1 2 3 |  3.0
Transmutations | 1 2 3 |  3.0
Ice Magic      | 1 2 3 |  3.0
Air Magic      | 1 2 3 |  3.0
Earth Magic    | 1 2 3 |  3.0
Poison Magic   | 1 2 3 |  3.0
Dodging        | 5 |  5.9
Stealth        | 5 |  5.6
Fire Magic     | 6 |  6.3

Action                   |  1- 3 |  4- 6 |  7- 9 || total
-------------------------+-------+-------+-------++-------
Melee: Short sword       |    27 |    68 |    38 ||   133
       Bite              |     1 |    10 |     3 ||    14
       Rapier            |       |     7 |       ||     7
       Punch             |       |     1 |     2 ||     3
 Cast: Flame Tongue      |    36 |    49 |    58 ||   143
       Throw Flame       |    13 |    27 |    28 ||    68
       Sticky Flame      |       |     3 |     2 ||     5
       Conjure Flame     |       |       |     4 ||     4
       Inner Flame       |       |       |     4 ||     4
  Use: Scroll            |       |     8 |       ||     8
 Stab: Sleeping          |     2 |     5 |     1 ||     8
  Eat: Chunk             |     1 |     7 |     8 ||    16
Armor: Robe              |     9 |    12 |     4 ||    25
Dodge: Dodged            |    20 |    46 |    31 ||    97
       Deflected         |       |     1 |     1 ||     2
